 Dungeon Crawl Stone Soup version 0.22-a0-21-g9421e3f (webtiles) character file.

383702 Hellonello the Acrobat (level 21, -13/173 HPs)
             Began as a White Draconian Enchanter on Jan 2, 2018.
             Was the Champion of Hepliaklqana.
             Mangled by a caustic shrike simulacrum (15 damage)
             ... animated by a necromancer
             ... on level 1 of the Depths on Jan 3, 2018.
             The game lasted 02:59:46 (64859 turns).

Hellonello the Acrobat (White Draconian Enchanter) Turns: 64859, Time: 02:59:46

Health: -13/173    AC: 19    Str: 27    XL:     21   Next: 95%
Magic:  24/24      EV: 23    Int: 15    God:    Hepliaklqana [******]
Gold:   2297       SH: 19    Dex: 11    Spells: 24/24 levels left

rFire    + . .     SeeInvis .   A - +9 morningstar of Itse {speed, Stlth+}
rCold    + . .     Gourm    .   V - +0 shield {rN+}
rNeg     + . .     Faith    .   (armour unavailable)
rPois    +         Spirit   .   (helmet restricted)
rElec    .         Reflect  +   D - +2 cloak {rPois}
rCorr    .         Harm     .   w - +2 pair of gloves {Str+3}
MR       +++..                  n - +0 pair of boots
Stlth    +++.......             C - +4 amulet of reflection
HPRegen  0.38/turn              Y - ring "Vefestre" {rPois MR+ Str+4}
MPRegen  0.19/turn              o - ring of protection from fire

@: no status effects
A: breathe frost, unfitting armour, reduced essence, clumsy 1, cold resistance
1, magic resistance 1, shaggy fur 1, cold-blooded, AC +11
}: 2/15 runes: decaying, serpentine
a: Breathe Frost, Recall Ancestor, Ancestor Identity, Transference, Idealise,
Renounce Religion


You were on level 1 of the Depths.
You worshipped Hepliaklqana.
Hepliaklqana was exalted by your worship.
You were not hungry.

You visited 8 branches of the dungeon, and saw 37 of its levels.
You also visited: Desolation.

You collected 3721 gold pieces.
You spent 1424 gold pieces at shops.

Inventory:

Hand Weapons
 v - a +2 broad axe of chopping
 A - the +9 morningstar of Itse (weapon) {speed, Stlth+}
   (You bought it in a shop on level 4 of the Dungeon)

   Attacks with this weapon are significantly faster.
   It makes you more stealthy.
 P - a +1 broad axe of electrocution
Armour
 n - a +0 pair of boots (worn)
 w - a +2 pair of gloves of strength (worn)
 D - a +2 cloak of poison resistance (worn)
 Q - a +0 large shield
 V - a +0 shield of positive energy (worn)
Jewellery
 e - a +4 ring of protection
 i - the ring of Cuas {*Corrode rElec Str+4 Dex+4}
   (You found it in the Desolation of Salt)

   [ring of dexterity]

   It affects your strength (+4).
   It affects your dexterity (+4).
   It insulates you from electricity.
   It may corrode you when you take damage.
 o - a ring of protection from fire (right hand)
 C - a +4 amulet of reflection (around neck)
 K - a +4 ring of dexterity {unknown}
 U - an uncursed ring of see invisible
 Y - the ring "Vefestre" (left hand) {rPois MR+ Str+4}
   (You found it in the Desolation of Salt)

   [ring of protection from magic]

   It affects your strength (+4).
   It protects you from poison.
   It affects your resistance to hostile enchantments.
Wands
 b - a wand of paralysis (21)
 f - a wand of digging (42)
 h - a wand of iceblast (11)
 m - a wand of polymorph (42)
 x - a wand of disintegration (30)
 y - a wand of flame (144)
 B - a wand of acid (21)
 M - a wand of enslavement (45)
Scrolls
 g - 21 scrolls of teleportation
 z - 8 scrolls of fog
 G - 2 scrolls of silence
 I - 3 scrolls of enchant weapon
 J - 4 scrolls of amnesia
 L - 13 scrolls of remove curse
 O - a scroll of magic mapping
 R - 4 scrolls of enchant armour
 S - 10 scrolls of identify
 W - 2 scrolls of holy word
Potions
 d - 6 potions of curing
 k - 5 potions of flight
 l - 7 potions of might
 p - 5 potions of heal wounds
 q - 5 potions of haste
 r - 6 potions of brilliance
 s - 7 potions of agility
 t - 8 potions of lignification
 u - 2 potions of invisibility
 E - 2 potions of magic
 F - 5 potions of mutation
 H - 3 potions of ambrosia
 N - a potion of cancellation
 T - 3 potions of resistance
Comestibles
 c - 21 rations


   Skills:
 + Level 17.8 Fighting
   Level 1.0 Short Blades
 - Level 15.7(18.2) Axes
 - Level 16.0(18.3) Maces & Flails
 - Level 21.0 Dodging
 - Level 2.6 Stealth
 - Level 16.0 Shields
 - Level 2.0 Spellcasting
   Level 2.6 Hexes


You had 24 spell levels left.
You didn't know any spells.

Dungeon Overview and Level Annotations

Branches:
Dungeon (15/15)            Temple (1/1) D:6            Lair (6/6) D:8
  Swamp (4/4) Lair:2        Snake (4/4) Lair:3        Slime (0/5) Lair:6
    Orc (2/2) D:10            Elf (0/3) Orc:2        Vaults (4/5) D:13
  Crypt (0/3) Vaults:3     Depths (1/5) D:15

Altars:
Ashenzari
Cheibriados
Dithmenos
Elyvilon
Fedhas
Gozag
Hepliaklqana
Kikubaaqudgha
Makhleb
Nemelex Xobeh
Okawaru
Qazlal
Ru
Sif Muna
Trog
Uskayaw
Vehumet
Wu Jian
Xom
Yredelemnul
Zin
The Shining One

Shops:
D:4 (   D:5 ?   D:9 !   Orc:2 =(*[   Vaults:1 *   Vaults:2 %   Vaults:4 =

Portals:
Hell: Depths:1
Pandemonium: Depths:1


Innate Abilities, Weirdness & Mutations

You can breathe waves of freezing cold.
You can buffet flying creatures when you breathe cold.
Your icy white scales are hard. (AC +11)
You cannot fit into any form of body armour.
Your flesh is cold resistant. (rC+)
You are cold-blooded and may be slowed by cold attacks.
Your life essence is reduced to manifest your ancestor. (-10% HP)
You are clumsy. (Dex -2)
You are resistant to hostile enchantments. (MR+)
You are covered in fur. (AC +1)


Message History

* * * LOW HITPOINT WARNING * * *
The stone giant throws a large rock.
You reflect the large rock off an invisible shield around you!
The large rock hits the stone giant!!!
You bludgeon the caustic shrike simulacrum!!
The caustic shrike simulacrum is moderately damaged.
The caustic shrike simulacrum completely misses you.
You puncture the caustic shrike simulacrum!
The caustic shrike simulacrum is heavily damaged.
You block the caustic shrike simulacrum's attack.
You hit the caustic shrike simulacrum.
The caustic shrike simulacrum is heavily damaged.
The stone giant throws a large rock.
The large rock hits you!!
* * * LOW HITPOINT WARNING * * *
The purple very ugly thing basks in the mutagenic energy from its kin and changes!
The caustic shrike simulacrum claws you.
* * * LOW HITPOINT WARNING * * *
The caustic shrike simulacrum freezes you!
You resist.
You die...

....##...#
....##..### #####
...##.....###...#
...........##...#
........≈..###.##
................##
.......(...(....(#
.≈≈≈≈≈≈≈≈...(###Z#
.≈≈≈≈......#.# #@#
........#.#### #†#
........### ##C##
^.........#
##Cuu##
..........#
#.uuC.#
....(.....#
##.Ju##
.#......### #..T#
.######## .....
..# ..u....


You could see 4 very ugly things, a fire giant, a stone giant, a green ugly
thing, an ettin, a slime creature, a deep troll shaman and a caustic shrike
simulacrum.

Vanquished Creatures
  Frederick (Vaults:4)
  Vashnia (Snake:2)
  the Lernaean hydra (Swamp:4)
  Bai Suzhen (Vaults:3)
  A caustic shrike (Depths:1)
  2 liches
  Rupert (D:14)
  Kirke (Lair:5)
  2 tengu reavers
  Roxanne (Swamp:4)
  Donald (Vaults:4)
  10 nagarajas
  A deep elf sorcerer (Vaults:3)
  9 vault wardens
  3 frost giants (Vaults:3)
  A fire giant (Depths:1)
  An orc warlord (Orc:1)
  4 stone giants
  An imperial myrmidon (Desolation)
  12 ironheart preservers
  A ghoul (Vaults:4)
  2 very ugly things
  An entropy weaver (Vaults:3)
  The ghost of Brutalitops the Fighter, a journeyman MfCK of Xom (Orc:2)
  A deep elf demonologist (Vaults:2)
  2 fire dragons
  The ghost of Sharkman1231 the Champion of Chaos, a journeyman DsWz of Makhleb (Orc:2)
  A green death (Depths:1)
  An ettin (Depths:1)
  12 hydras
  5 ragged hierophants (Desolation)
  4 crystal guardians (Desolation)
  3 great orbs of eyes
  An ice dragon (Vaults:3)
  2 rakshasas
  2 yaktaur captains (Vaults:3)
  Josephine (D:11)
  3 peacekeepers (Desolation)
  7 vault guards
  12 naga warriors (Snake:4)
  5 servants of whispers (Desolation)
  Erica (D:14)
  7 alligators
  5 anacondas
  5 death knights
  4 centaur warriors
  A deep troll earth mage (Vaults:4)
  A dancing weapon (D:14)
  A tengu warrior (Depths:1)
  2 deep troll shamans
  33 two-headed ogres
  12 ogre magi
  Urug (D:14)
  3 orc high priests (Orc:2)
  17 naga sharpshooters
  2 shock serpents
  4 deep elf knights
  A soul eater (Depths:1)
  2 hell knights (Vaults:4)
  3 skeletal warriors (Vaults:1)
  8 salamander mystics
  2 iron trolls
  2 shadow wraiths (Vaults:3)
  8 deep trolls
  A glowing orange brain (Vaults:1)
  6 wizards
  10 naga ritualists
  A flayed ghost (Vaults:4)
  8 swamp dragons
  12 orc knights
  3 deep elf archers
  11 ironbrand convokers
  5 necromancers
  3 phantasmal warriors
  The ghost of Potronius the Slicer, a novice VSFi of Uskayaw (D:8)
  2 wolf spiders
  8 mana vipers
  16 ugly things
  5 deep elf magi
  A manticore (D:15)
  13 salamanders
  6 orc sorcerers
  19 elephants
  4 cyclopes
  The ghost of vegansnacktivist the Tormented, a novice DsNe of Kikubaaqudgha (D:6)
  35 black mambas
  18 naga magi
  4 guardian serpents (Desolation)
  13 vault sentinels
  An orange demon (Depths:1)
  2 gargoyles
  17 spiny frogs
  2 tengu conjurers
  4 freezing wraiths
  3 komodo dragons
  39 yaktaurs
  A rime drake (Lair:4)
  3 demonic crawlers (D:15)
  A yaktaur (shapeshifter) (Vaults:3)
  8 polar bears
  A meliai (D:14)
  15 hornets
  The ghost of isock the Sneak, an amateur GnWn of Uskayaw (D:4)
  3 tyrant leeches
  3 trolls
  16 blink frogs
  38 saltlings (Desolation)
  Prince Ribbit (D:5)
  23 slime creatures
  2 dream sheep (Lair:5)
  5 bog bodies
  A human simulacrum (Vaults:1)
  2 meliai zombies (D:15)
  10 hippogriffs
  3 water elementals
  18 spriggans
  A tarantella (shapeshifter) (Vaults:3)
  8 wraiths
  A vampire (D:15)
  2 wyverns
  5 hogs
  A golden eye (shapeshifter) (Vaults:3)
  22 yaks
  15 humans
  21 vampire mosquitoes
  4 insubstantial wisps
  31 nagas
  5 wargs
  21 swamp worms
  10 water moccasins
  An acid dragon (D:14)
  8 porcupines
  Duvessa (D:5)
  30 orc warriors
  A hornet zombie (D:9)
  2 ice beasts
  14 swamp drakes
  3 black bears
  3 sky beasts
  19 wolves (Lair:6)
  27 ogres
  12 boggarts
  3 centaurs
  A big kobold (D:10)
  9 crocodiles
  17 bullfrogs
  2 gnoll sergeants
  Dowan (D:5)
  2 scorpions
  10 killer bees
  7 wights
  2 electric eels
  5 howler monkeys
  9 crimson imps
  Crazy Yiuf (D:6)
  6 hounds
  29 orc priests
  11 jellies
  23 orc wizards
  2 bullfrog skeletons (D:6)
  4 centaur skeletons
  5 iguanas
  2 polar bear simulacra (Lair:2)
  12 worker ants
  4 yak simulacra (Lair:2)
  A wolf simulacrum (Lair:2)
  A howler monkey zombie (D:9)
  Robin (D:4)
  9 adders
  A howler monkey skeleton (D:4)
  15 gnolls
  3 shadow imps
  2 oozes
  2 adder zombies (D:6)
  3 adder skeletons
  2 worms
  3 dart slugs (D:1)
  6 leopard geckos
  79 orcs
  4 ball pythons
  6 bats
  10 giant cockroaches
  7 hobgoblins
  8 jackals
  6 quokkas
  5 frilled lizards
  12 goblins
  7 kobolds
  A quokka skeleton (D:6)
  2 rats
  A river rat simulacrum (Lair:2)
  2 crawling corpses (Vaults:4)
  2 fungi (D:6)
  2 pillars of salt (Vaults:1)
1315 creatures vanquished.

Vanquished Creatures (collateral kills)
  Margery (Vaults:4)
  Jorgrun (Vaults:2)
  2 sphinxes
  A nagaraja (Snake:4)
  2 deep elf sorcerers
  A frost giant (Vaults:4)
  A fire giant (Depths:1)
  4 vault wardens
  A ghoul (Vaults:3)
  4 ironheart preservers
  A very ugly thing (D:15)
  A stone giant (Vaults:2)
  An entropy weaver (Vaults:2)
  A deep elf demonologist (Vaults:3)
  2 ettins
  A crystal guardian (Desolation)
  A deep elf death mage (Vaults:4)
  2 fire dragons
  A ragged hierophant (Desolation)
  3 ogre magi
  The ghost of domi the Basher, a journeyman GrEE of Vehumet (Lair:1)
  A great orb of eyes (Vaults:1)
  4 hydras
  3 servants of whispers (Desolation)
  4 naga warriors
  4 anacondas
  2 centaur warriors
  4 death knights
  12 two-headed ogres
  A queen ant (shapeshifter) (Vaults:3)
  2 alligators (Swamp:4)
  A vampire mage (Depths:1)
  A shock serpent (Snake:4)
  4 naga sharpshooters
  2 deep elf knights (Vaults:4)
  2 orc high priests (Orc:2)
  A shadow wraith (Vaults:4)
  A fire crab (shapeshifter) (Vaults:2)
  A sun demon (Depths:1)
  3 deep trolls
  2 skeletal warriors
  An unseen horror (Vaults:1)
  2 hell knights (Vaults:4)
  A salamander mystic (Snake:2)
  2 spriggan druids
  3 swamp dragons (Swamp:4)
  2 flayed ghosts (Vaults:4)
  7 ironbrand convokers
  An orc knight (Orc:2)
  4 naga ritualists (Snake:4)
  A necromancer (Vaults:4)
  A deep elf archer (Vaults:3)
  A harpy (shapeshifter) (Vaults:2)
  A wolf spider (Vaults:3)
  7 salamanders
  A deep elf mage (Vaults:4)
  6 ugly things
  11 black mambas
  Maurice (Orc:2)
  2 vault sentinels
  4 elephants (Lair:6)
  3 spiny frogs
  A guardian serpent (Desolation)
  A torpor snail (shapeshifter) (Vaults:3)
  2 naga magi (Snake:4)
  A smoke demon (Depths:1)
  A gargoyle (D:15)
  2 freezing wraiths
  A centaur skeleton (D:14)
  2 komodo dragons
  13 yaktaurs
  2 meliai (D:15)
  3 trolls
  2 jumping spiders (Vaults:2)
  3 hornets
  A queen bee (D:9)
  6 slime creatures
  2 dream sheep (Lair:5)
  2 bog bodies
  A hippogriff (Lair:2)
  6 blink frogs
  17 saltlings (Desolation)
  A centaur simulacrum (D:15)
  5 yaks
  2 wraiths (D:11)
  2 redbacks (Vaults:2)
  4 spriggans
  A water elemental (D:15)
  A hog (Lair:5)
  A basilisk (Lair:1)
  5 humans (D:13)
  7 vampire mosquitoes
  3 swamp worms
  7 nagas
  3 wargs
  A water moccasin (Lair:4)
  3 insubstantial wisps
  A soldier ant (shapeshifter) (Depths:1)
  A porcupine (Lair:3)
  3 swamp drakes
  An ice beast (D:12)
  13 orc warriors
  12 ogres
  A phantom (D:11)
  2 wolves (Lair:6)
  3 boggarts
  4 centaurs
  4 bullfrogs
  2 killer bees
  2 elf simulacra (Vaults:3)
  A wight (D:12)
  4 crimson imps
  A jelly (Lair:6)
  3 orc priests
  An iguana (D:13)
  6 orc wizards
  A polar bear simulacrum (Lair:2)
  A wolf simulacrum (Lair:2)
  A shadow imp (D:10)
  An ooze (Lair:6)
  20 orcs
  A hobgoblin (D:10)
  A kobold (D:10)
  A river rat simulacrum (Lair:2)
  A fungus (Lair:2)
358 creatures vanquished.

Vanquished Creatures (others)
  A naga sharpshooter (Snake:2)
  A deep elf archer (Vaults:2)
  A naga mage (Snake:4)
  5 yaktaurs
  A komodo dragon (Lair:6)
  A naga (Snake:2)
  An ogre (D:11)
  A centaur (Vaults:4)
  43 battlemagi
  An ancestor (D:7)
  2 orcs
  A quokka (D:13)
  5 fungi
  10 plants
74 creatures vanquished.

Grand Total: 1747 creatures vanquished

Notes
Turn   | Place    | Note
-------+----------+-------------------------------------------
     0 | D:1      | Hellonello the Draconian Enchanter began the quest for the Orb.
     0 | D:1      | Reached XP level 1. HP: 14/14 MP: 3/3
    74 | D:1      | Reached skill level 1 in Fighting
   109 | D:1      | Reached XP level 2. HP: 24/24 MP: 5/5
   604 | D:1      | Reached XP level 3. HP: 29/31 MP: 6/6
   995 | D:2      | Found a shadowy altar of Dithmenos.
   996 | D:2      | Found a stormy altar of Qazlal.
  1536 | D:3      | Reached XP level 4. HP: 16/40 MP: 7/7
  1850 | D:3      | Found a sacrificial altar of Ru.
  2674 | D:3      | Reached skill level 5 in Fighting
  2833 | D:4      | Reached skill level 2 in Dodging
  2833 | D:4      | Reached XP level 5. HP: 27/48 MP: 8/8
  3675 | D:4      | Noticed Robin
  3695 | D:4      | Killed Robin
  3695 | D:4      | Reached skill level 3 in Dodging
  3826 | D:4      | Noticed isock's ghost (amateur GnWn)
  3826 | D:4      | Found Coaloon's Antique Weapon Boutique.
  3885 | D:4      | Killed isock's ghost
  3885 | D:4      | Reached skill level 4 in Dodging
  3885 | D:4      | Reached XP level 6. HP: 56/56 MP: 9/9
  3955 | D:4      | Reached skill level 5 in Dodging
  4190 | D:4      | Found a white marble altar of Elyvilon.
  4534 | D:4      | Your scales start taking on an icy white colour.
  4534 | D:4      | Reached XP level 7. HP: 31/63 MP: 10/10
  4534 | D:4      | Gained mutation: Your flesh is cold resistant. (rC+) [White Draconian growth]
  4708 | D:4      | Reached skill level 1 in Maces & Flails
  5746 | D:5      | Entered Level 5 of the Dungeon
  5767 | D:5      | Noticed Prince Ribbit
  5784 | D:5      | Killed Prince Ribbit
  6272 | D:5      | Reached XP level 8. HP: 61/70 MP: 11/11
  6425 | D:5      | Reached skill level 5 in Maces & Flails
  6510 | D:5      | Noticed Duvessa
  6510 | D:5      | Noticed Dowan
  6534 | D:5      | Killed Duvessa
  6543 | D:5      | Killed Dowan
  6982 | D:4      | Bought a twisted morningstar for 252 gold pieces
  6982 | D:4      | Identified the +9 morningstar of Itse {speed, Stlth+} (You bought it in a shop on level 4 of the Dungeon)
  7289 | D:5      | Found Eckanotz's Magic Scroll Emporium.
  7741 | D:6      | Found a glowing silver altar of Zin.
  7815 | D:6      | Reached XP level 9. HP: 75/75 MP: 12/12
  7885 | D:6      | Noticed vegansnacktivist's ghost (novice DsNe)
  8020 | D:6      | Reached skill level 10 in Maces & Flails
  8038 | D:6      | Killed vegansnacktivist's ghost
  8202 | D:6      | Found a staircase to the Ecumenical Temple.
  8230 | Temple   | Entered the Ecumenical Temple
  8396 | Temple   | Became a worshipper of Hepliaklqana the Forgotten
  8703 | D:6      | Found a runed door.
  8707 | D:6      | Noticed Crazy Yiuf
  8714 | D:6      | Killed Crazy Yiuf
  9016 | D:7      | Reached * piety under Hepliaklqana
  9206 | D:7      | Reached XP level 10. HP: 51/74 MP: 13/13
  9532 | D:8      | Reached skill level 1 in Shields
  9559 | D:8      | Found a staircase to the Lair.
 10199 | D:8      | Noticed Potronius's ghost (novice VSFi)
 10213 | D:8      | Killed Potronius's ghost
 10213 | D:8      | Reached skill level 5 in Shields
 10636 | D:8      | Found a snail-covered altar of Cheibriados.
 10684 | D:9      | Reached ** piety under Hepliaklqana
 10685 | D:9      | Remembered your ancestor Nono as a battlemage
 11084 | D:9      | Found Ituadu's Distillery.
 11313 | D:10     | Entered Level 10 of the Dungeon
 11340 | D:10     | Noticed a two-headed ogre
 11347 | D:10     | Killed a two-headed ogre
 11994 | D:10     | Found a staircase to the Orcish Mines.
 12318 | D:10     | Reached skill level 10 in Fighting
 12318 | D:10     | Reached XP level 11. HP: 89/89 MP: 14/14
 12512 | Lair:1   | Entered Level 1 of the Lair of Beasts
 12721 | Lair:1   | Reached skill level 6 in Dodging
 12746 | Lair:1   | Noticed an eight-headed hydra
 12747 | Lair:1   | Noticed domi's ghost (journeyman GrEE)
 12965 | D:8      | Killed an eight-headed hydra
 12965 | D:8      | Reached skill level 7 in Dodging
 13253 | Lair:1   | Killed domi's ghost
 13303 | Lair:1   | Reached skill level 8 in Dodging
 13511 | Lair:1   | Reached *** piety under Hepliaklqana
 13638 | Lair:1   | Noticed a seven-headed hydra
 13647 | Lair:1   | Killed a seven-headed hydra
 13647 | Lair:1   | Reached skill level 9 in Dodging
 13809 | Lair:1   | Noticed a five-headed hydra
 13816 | Lair:1   | Killed a five-headed hydra
 14097 | Lair:2   | Reached skill level 10 in Dodging
 14115 | Lair:2   | Identified the Incunabulum of Aerial Transformation
 14227 | Lair:1   | Reached XP level 12. HP: 22/95 MP: 15/15
 15387 | Lair:2   | Found a staircase to the Swamp.
 15708 | Lair:3   | Found a staircase to the Snake Pit.
 15784 | Lair:3   | Reached **** piety under Hepliaklqana
 16083 | Lair:3   | Noticed a five-headed hydra
 16090 | Lair:3   | Killed a five-headed hydra
 16132 | Lair:3   | Reached skill level 15 in Maces & Flails
 16536 | Lair:4   | Noticed an eight-headed hydra
 16545 | Lair:4   | Killed an eight-headed hydra
 16897 | Lair:4   | Reached ***** piety under Hepliaklqana
 16952 | Lair:4   | Reached XP level 13. HP: 101/101 MP: 16/16
 17139 | Lair:4   | Gained mutation: You are resistant to hostile enchantments. (MR+) [potion of mutation]
 17139 | Lair:4   | Gained mutation: You are clumsy. (Dex -2) [potion of mutation]
 17139 | Lair:4   | Gained mutation: You are covered in fur. (AC +1) [potion of mutation]
 17469 | Lair:5   | Noticed Kirke
 17486 | Lair:5   | Killed Kirke
 18036 | Lair:6   | Entered Level 6 of the Lair of Beasts
 18131 | Lair:6   | Reached skill level 11 in Dodging
 18156 | Lair:6   | HP: 5/101 [komodo dragon (18)]
 18834 | Lair:6   | Reached skill level 12 in Dodging
 19285 | Lair:6   | Reached skill level 13 in Dodging
 19510 | Lair:6   | Reached XP level 14. HP: 96/108 MP: 17/17
 19634 | Lair:6   | Found a staircase to the Slime Pits.
 20260 | Lair:6   | Upgraded the game from 0.22-a0-3-g4fa69d9 to 0.22-a0-21-g9421e3f
 20606 | D:11     | Found a stormy altar of Qazlal.
 20630 | D:11     | Noticed Josephine
 20657 | D:11     | Killed Josephine
 20657 | D:11     | Reached skill level 14 in Dodging
 21787 | D:12     | Reached ****** piety under Hepliaklqana
 22280 | D:13     | Found a white marble altar of Elyvilon.
 22958 | D:13     | Reached skill level 15 in Dodging
 22980 | D:13     | Got a faintly glowing steel ring
 22982 | D:13     | Identified the ring "Doehas" {*Tele rC+ MR- MP+9} (You found it on level 13 of the Dungeon)
 23096 | D:13     | Found a gate to the Vaults.
 23750 | D:14     | Noticed Rupert
 23775 | D:14     | Killed Rupert
 23789 | D:14     | Noticed Erica
 24252 | D:14     | Reached skill level 16 in Dodging
 24306 | D:14     | Found a blossoming altar of Fedhas.
 24405 | D:14     | Noticed Urug
 24416 | D:14     | Killed Erica
 24423 | D:14     | Killed Urug
 24612 | D:14     | Found a burning altar of Makhleb.
 24926 | D:14     | Reached XP level 15. HP: 115/115 MP: 18/18
 24992 | D:15     | Entered Level 15 of the Dungeon
 26086 | D:15     | Noticed Sonja
 26087 | D:15     | Noticed Sonja
 26087 | D:15     | Sonja changed into Sonja the hog
 26089 | D:15     | Killed Sonja the hog
 26783 | D:15     | Found a staircase to the Depths.
 27491 | Orc:1    | Entered Level 1 of the Orcish Mines
 27733 | Orc:2    | Entered Level 2 of the Orcish Mines
 27899 | Orc:2    | Noticed Brutalitops's ghost (journeyman MfCK)
 27938 | Orc:2    | Killed Brutalitops's ghost
 28954 | Orc:2    | Found a staircase to the Elven Halls.
 29021 | Orc:2    | Noticed Maurice
 29052 | Orc:2    | Killed Maurice
 29284 | Orc:2    | Noticed Sharkman1231's ghost (journeyman DsWz)
 29303 | Orc:2    | Killed Sharkman1231's ghost
 29374 | Orc:2    | Noticed an orc warlord
 30900 | Orc:1    | Killed an orc warlord
 30900 | Orc:1    | Reached skill level 15 in Fighting
 31128 | Orc:2    | Found Juontei's General Store.
 31130 | Orc:2    | Found Jestugg's Jewellery Shop.
 31131 | Orc:2    | Found Peadajog's Antique Armour Boutique.
 31131 | Orc:2    | Found Etefedoxu's Antique Weapon Boutique.
 31409 | D:4      | Bought a translucent great mace for 322 gold pieces
 31414 | D:4      | Identified the +6 great mace of the Coin {flame, +Inv Str+3} (You bought it in a shop on level 4 of the Dungeon)
 31833 | Swamp:1  | Entered Level 1 of the Swamp
 32326 | Swamp:1  | You fall through a shaft!
 32452 | Swamp:1  | Reached XP level 16. HP: 131/134 MP: 19/19
 35446 | Swamp:3  | Got an encrusted morningstar
 35456 | Swamp:3  | Identified the +3 morningstar of Glory {chaos, rElec MR+++ Str-3 Stlth+} (You found it on level 3 of the Swamp)
 35765 | Swamp:4  | Entered Level 4 of the Swamp
 35925 | Swamp:4  | Noticed Roxanne
 35941 | Swamp:4  | Killed Roxanne
 36270 | Swamp:3  | Reached skill level 10 in Shields
 37279 | Swamp:4  | Noticed the 27-headed Lernaean hydra
 37680 | Swamp:4  | Killed the 27-headed Lernaean hydra
 37763 | Swamp:4  | Got a decaying rune of Zot
 38055 | Snake:1  | Entered Level 1 of the Snake Pit
 38396 | Snake:1  | Reached XP level 17. HP: 110/142 MP: 20/20
 40567 | Snake:2  | Noticed Vashnia
 41874 | Snake:2  | Killed Vashnia
 43016 | Snake:3  | Reached skill level 15 in Shields
 43756 | Snake:4  | Entered Level 4 of the Snake Pit
 44010 | Snake:4  | HP: 7/142 [naga sharpshooter/bolt (31)]
 44663 | Snake:4  | Reached skill level 1 in Axes
 44997 | Orc:2    | Bought an uncursed ring of protection from magic for 400 gold pieces
 45666 | Snake:4  | Reached XP level 18. HP: 141/149 MP: 21/21
 45802 | Snake:4  | Reached skill level 5 in Axes
 47704 | Snake:4  | Reached skill level 10 in Axes
 48674 | Snake:4  | Got a serpentine rune of Zot
 49033 | Vaults:1 | Entered Level 1 of the Vaults
 49048 | Vaults:1 | Found a ruined gateway.
 49059 | Desolati | Entered the Desolation of Salt
 49111 | Desolati | Got a heavily runed tin ring
 49114 | Desolati | Got a steaming iron ring
 49117 | Desolati | Got a sparkling iron amulet
 49120 | Desolati | Identified the amulet "Qobleh" {Inacc Str+7} (You found it in the Desolation of Salt)
 49126 | Desolati | Identified the ring "Fykhlio" {MP+9 Dex+5} (You found it in the Desolation of Salt)
 49128 | Desolati | Identified the ring "Vefestre" {rPois MR+ Str+4} (You found it in the Desolation of Salt)
 50552 | Desolati | Reached XP level 19. HP: 109/154 MP: 22/22
 51229 | Desolati | Got a scorched cloak
 51232 | Desolati | Identified the Catalogue of Enhancements and Creation
 51240 | Desolati | Got a warped platinum ring
 51246 | Desolati | Identified the ring of Cuas {*Corrode rElec Str+4 Dex+4} (You found it in the Desolation of Salt)
 51259 | Desolati | Identified the +0 cloak of the Monk {+Blink Int+3} (You found it in the Desolation of Salt)
 52619 | Vaults:1 | Reached skill level 15 in Axes
 53381 | Vaults:1 | Found Jyph's Assorted Antiques.
 53407 | Vaults:1 | Bought a scorched lead amulet for 150 gold pieces
 53407 | Vaults:1 | Bought 2 potions of heal wounds for 300 gold pieces
 53407 | Vaults:1 | Identified the amulet of Freedom {+Rage MR+} (You bought it in a shop on level 1 of the Vaults)
 55279 | Vaults:2 | Found Qisekh's Food Boutique.
 55625 | Vaults:2 | Reached XP level 20. HP: 128/162 MP: 23/23
 55634 | Vaults:2 | Reached skill level 17 in Dodging
 56899 | Vaults:3 | Found a staircase to the Crypt.
 56899 | Vaults:3 | Found an ancient bone altar of Kikubaaqudgha.
 56900 | Vaults:3 | Found a basalt altar of Yredelemnul.
 57159 | Vaults:3 | Reached skill level 18 in Dodging
 57528 | Vaults:3 | Noticed Jorgrun
 57545 | Vaults:2 | Killed Jorgrun
 57836 | Vaults:3 | Noticed Bai Suzhen
 57946 | Vaults:3 | Killed Bai Suzhen
 58684 | Vaults:3 | Reached skill level 19 in Dodging
 60583 | Vaults:4 | Reached XP level 21. HP: 115/169 MP: 24/24
 61065 | Vaults:4 | Noticed Frederick
 61077 | Vaults:4 | Killed Frederick
 61077 | Vaults:4 | Reached skill level 20 in Dodging
 61362 | Vaults:4 | Found Enef's Jewellery Shop.
 61843 | Vaults:4 | Noticed Margery
 61868 | Vaults:4 | Killed Margery
 62169 | Vaults:4 | Noticed Donald
 62177 | Vaults:4 | Killed Donald
 63490 | Depths:1 | Entered Level 1 of the Depths
 63503 | D:15     | Reached skill level 21 in Dodging
 63871 | Depths:1 | Found a one-way gate leading to the halls of Pandemonium.
 64162 | Depths:1 | Found a gateway to Hell.
 64825 | Depths:1 | Noticed a caustic shrike
 64854 | Depths:1 | Killed a caustic shrike
 64859 | Depths:1 | HP: 4/173 [stone giant/large rock (32)]
 64859 | Depths:1 | Mangled by a caustic shrike simulacrum

Vault maps used:
D:1:      dpeg_arrival_houses_and_road, minmay_misc_feat_pillars
D:2:      chequers_temple_overflow_statue_of_worship
D:3:      lemuel_coloured_pillars_altar
D:4:      overflow_temple_1_default, serial_shops,
          nicolae_shop_overgrown_old_shop, minmay_divided_ellipse, uniq_robin
D:5:      first_ration, serial_shops, shop, kennysheep_opposing_triangles,
          uniq_duvessa, uniq_prince_ribbit1
D:6:      zin_academy, minmay_temple_entry_statues, uniq_crazy_yiuf_cottage
D:7:      grunt_livestock
D:8:      slow_altar_2, erik_lair_orcish_takeover, hex_tiny, dk_vineyard_2,
          kennysheep_minor_cross
D:9:      serial_shops, shop, serial_park_tiny_1
D:10:     orc_0_dummy, corexii_checkpoint_b, nicolae_lava_and_water,
          nicolae_looking_at_the_future
D:11:     basic_altar, uniq_josephine
D:13:     grunt_vaults_entry_tiered, elyvilon_altar_4
D:14:     fedhas_altar_2, basic_altar, sword_in_stone, uniq_rupert
D:15:     grunt_enter_depths_magical_seal, serial_park_tiny_1,
          einodemon_crawler_minivault, uniq_sonja
Temple:   nicolae_temple_elliptical
Lair:1:   beast_lair_carwin_11, infiniplex_staircase_pool
Lair:2:   minmay_swamp_entry_worms, special_room, eino_house_with_fridge
Lair:3:   guppyfry_snake_entry_garden, grunt_megastairs_3
Lair:5:   uniq_kirke
Lair:6:   minmay_lair_end_enchanted_forest, nicolae_slime_entry_slimehenge,
          infiniplex_staircase_pool_2
Swamp:1:  serial_swamp_ruin, hangedman_swamp_ruin_hall,
          hangedman_swamp_ruin_wall
Swamp:2:  hangedman_swamp_blocks, swamp_pool1
Swamp:3:  nicolae_swamp_dense_foliage, swamp_pool4
Swamp:4:  swamp_old_school, uniq_roxanne
Snake:2:  basic_loot_grate_trap, serial_bayou_crossing, uniq_vashnia
Snake:4:  snake_pit, grunt_megastairs_4
Orc:1:    nicolae_orc_lava_room
Orc:2:    st_orc_congregation, uniq_maurice
Vaults:1: v_misc_8, vaults_mumra_chevron, v_alt_pattern_6, st_hourglassy,
          vaults_room_ringed_pool, v_misc_1, v_misc_22, v_misc_27,
          grunt_vaults_hallway_short, nicolae_vaults_border_crossing,
          nicolae_vaults_yaktaur_gun_rack, nicolae_vaults_rhombus_5,
          serial_shops, nicolae_shop_crystal, portal_desolation_entry_garden
Vaults:2: v_alt_pattern_6, vaults_room_guarded_vault, nicolae_vaults_rhombus_5,
          v_alt_pattern_5, ontoclasm_vaults_gateway, vaults_mumra_lcd,
          ontoclasm_vaults_decontamination, serial_shops, shop
Vaults:3: nicolae_vaults_little_ls, hangedman_vaults_river_flow,
          vaults_room_door_ring, nicolae_vaults_branching_niches,
          ontoclasm_vaults_bender, v_pattern_3, nicolae_vaults_triangles,
          grunt_vaults_twisty, nicolae_vaults_three_branches,
          ontoclasm_vaults_idyll, minmay_crypt_entry_necro_gods,
          vaults_room_fours, grunt_vaults_hallway_short,
          nicolae_vaults_little_squares_1, uniq_bai_suzhen, uniq_jorgrun
Vaults:4: v_misc_27, grunt_vaults_funnel, nicolae_vaults_circle_grid_a,
          hangedman_vaults_pinch, nicolae_vaults_asterisk,
          hangedman_vaults_stretched_pinwheel, grunt_vaults_focal,
          hangedman_vaults_trim, v_alt_pattern_6, nicolae_vaults_network_square,
          vaults_dpeg_doors, nicolae_vaults_diagonal_hallway_8,
          vaults_room_grid, vaults_dpeg_ring, nicolae_vaults_big_angled_halls,
          serial_shops, shop, uniq_frederick, uniq_donald, uniq_margery
Depths:1: thingy_vault, serial_bayou_pond_d, rand_demon_pan_entry_8, hell_entry,
          hallowed_hall

Skill      XL: |  1  2  3  4  5  6  7  8  9 10 11 12 13 14 15 16 17 18 19 20 21 |
---------------+----------------------------------------------------------------+-----
Fighting       | 1 3 4 5 6 10 15 16 17 | 17.8
Dodging        | 2 4 5 10 13 16 19 21 | 21.0
Maces & Flails | 4 8 11 12 15 16 | 16.0
Shields        | 5 12 16 | 16.0
Axes           | 3 12 15 | 15.7
Short Blades   | |  1.0
Stealth        | |  2.6
Spellcasting   | |  2.0
Hexes          | |  2.6

Action                   |  1- 3 |  4- 6 |  7- 9 | 10-12 | 13-15 | 16-18 | 19-21 || total
-------------------------+-------+-------+-------+-------+-------+-------+-------++-------
Melee: Dagger            |   197 |   249 |       |       |       |       |       ||   446
       Tailslap          |    13 |    30 |    41 |    65 |   190 |   242 |   309 ||   890
       Unarmed           |       |    23 |       |       |       |       |       ||    23
       Flail             |       |    15 |   155 |       |       |       |       ||   170
       Morningstar       |       |       |   194 |   552 |  1509 |  1613 |  1534 ||  5402
Throw: Throwing net      |       |     2 |       |     2 |     2 |       |     1 ||     7
Invok: Ancestor Identity |       |       |     1 |       |       |       |       ||     1
       Recall Ancestor   |       |       |       |     4 |     7 |     6 |     7 ||    24
       Ancestor Life: Ba |       |       |       |     1 |       |       |       ||     1
 Abil: Breathe Frost     |       |       |    12 |       |     1 |     1 |       ||    14
Evoke: Wand              |       |       |       |     3 |    22 |    25 |     3 ||    53
  Use: Scroll            |     5 |     5 |     6 |    11 |    11 |    12 |     1 ||    51
       Potion            |       |     1 |       |     1 |     1 |    15 |     2 ||    20
 Stab: Sleeping          |     8 |     1 |     8 |    25 |    27 |     9 |    13 ||    91
       Distracted        |     1 |       |       |     6 |     9 |    26 |    17 ||    59
       Held in net/web   |       |       |       |       |     1 |       |       ||     1
  Eat: Chunk             |     1 |    10 |    11 |    11 |    20 |    10 |    30 ||    93
       Ration            |       |       |     2 |     4 |     9 |    14 |     4 ||    33
Armor: Skin              |    61 |    91 |    72 |   109 |   197 |   168 |   120 ||   818
Dodge: Dodged            |    96 |   133 |   175 |   276 |   620 |   525 |   438 ||  2263
Block: Buckler           |       |       |    40 |   197 |   374 |     8 |       ||   619
       Reflection        |       |       |       |     2 |    15 |   106 |    83 ||   206
       Shield            |       |       |       |       |       |   877 |   786 ||  1663

Table legend:
 A = Spawn XP
 B = Non-spawn XP
 C = Spawn XP percentage of total XP
 D = Spawn monster count
 E = Non-spawn monster count
 F = Spawn count percentage of total count
 G = Total turns spent on level
                    A         B        C        D         E        F      G
               +---------+---------+-------+---------+---------+-------+---------
         Total |       0 |  701757 |   0.0 |       0 |    1678 |   0.0 | 64859
               +---------+---------+-------+---------+---------+-------+---------
           D:1 |       0 |      41 |   0.0 |       0 |      22 |   0.0 |   721
           D:2 |       0 |      50 |   0.0 |       0 |      18 |   0.0 |   783
           D:3 |       0 |     156 |   0.0 |       0 |      22 |   0.0 |  2276
           D:4 |       0 |     838 |   0.0 |       0 |      29 |   0.0 |  2405
           D:5 |       0 |    1272 |   0.0 |       0 |      38 |   0.0 |  1551
           D:6 |       0 |    2323 |   0.0 |       0 |      41 |   0.0 |   946
           D:7 |       0 |    1058 |   0.0 |       0 |      11 |   0.0 |   780
           D:8 |       0 |    3100 |   0.0 |       0 |      26 |   0.0 |  1764
           D:9 |       0 |    1786 |   0.0 |       0 |      30 |   0.0 |  1277
          D:10 |       0 |    1951 |   0.0 |       0 |      25 |   0.0 |   962
          D:11 |       0 |    5057 |   0.0 |       0 |      22 |   0.0 |   988
          D:12 |       0 |    4822 |   0.0 |       0 |      25 |   0.0 |   927
          D:13 |       0 |   14406 |   0.0 |       0 |      54 |   0.0 |  2374
          D:14 |       0 |   12000 |   0.0 |       0 |      21 |   0.0 |  1441
          D:15 |       0 |   27865 |   0.0 |       0 |      69 |   0.0 |  2377
        Lair:1 |       0 |    8207 |   0.0 |       0 |      28 |   0.0 |  1949
        Lair:2 |       0 |    9601 |   0.0 |       0 |      46 |   0.0 |  1086
        Lair:3 |       0 |    7839 |   0.0 |       0 |      26 |   0.0 |  1220
        Lair:4 |       0 |    2766 |   0.0 |       0 |       8 |   0.0 |   644
        Lair:5 |       0 |    4309 |   0.0 |       0 |       9 |   0.0 |  1253
        Lair:6 |       0 |   26120 |   0.0 |       0 |     109 |   0.0 |  1885
       Swamp:1 |       0 |   13265 |   0.0 |       0 |      40 |   0.0 |  1782
       Swamp:2 |       0 |   15059 |   0.0 |       0 |      44 |   0.0 |  1102
       Swamp:3 |       0 |   11703 |   0.0 |       0 |      35 |   0.0 |  1573
       Swamp:4 |       0 |   24138 |   0.0 |       0 |      42 |   0.0 |  1712
       Snake:1 |       0 |   13569 |   0.0 |       0 |      26 |   0.0 |  2263
       Snake:2 |       0 |   20166 |   0.0 |       0 |      29 |   0.0 |  1938
       Snake:3 |       0 |   15539 |   0.0 |       0 |      26 |   0.0 |  1566
       Snake:4 |       0 |   83442 |   0.0 |       0 |     125 |   0.0 |  4246
         Orc:1 |       0 |    4128 |   0.0 |       0 |      29 |   0.0 |  1734
         Orc:2 |       0 |   16778 |   0.0 |       0 |     108 |   0.0 |  2305
      Vaults:1 |       0 |   53164 |   0.0 |       0 |      87 |   0.0 |  3095
      Vaults:2 |       0 |   68106 |   0.0 |       0 |      92 |   0.0 |  2437
      Vaults:3 |       0 |   73102 |   0.0 |       0 |      99 |   0.0 |  3323
      Vaults:4 |       0 |   65819 |   0.0 |       0 |      84 |   0.0 |  2409
      Depths:1 |       0 |   45115 |   0.0 |       0 |      47 |   0.0 |  1162
    Desolation |       0 |   43097 |   0.0 |       0 |      86 |   0.0 |  2431
               +---------+---------+-------+---------+---------+-------+---------
